 Dungeon Crawl Stone Soup version 0.30-a0-800-g7c544603b3 (webtiles) character file.

Game seed: 7548918331078038520

6332 freelancePsychic the Summoner (level 10, 0/138 HPs)
             Began as an Armataur Summoner on Feb 22, 2023.
             Was a High Priest of Cheibriados.
             Slain by a hellwing (7 damage)
             ... summoned by an orc high priest
             ... in a bailey.
             The game lasted 00:27:47 (11220 turns).

freelancePsychic the Summoner (Armataur Summoner)  Turns: 11220, Time: 00:27:47

Health: 0/138      AC: 10    Str: 36      XL:     10   Next: 64%
Magic:  2/13       EV: 10    Int: 29 (30) God:    Cheibriados [*****.]
Gold:   463        SH:  0    Dex: 30      Spells: 4/15 levels left

rFire   . . .      SeeInvis .    n - +3 mace of Conscience {flame, *Corrode rPois Dex+8}
rCold   . . .      Faith    .    (no shield)
rNeg    . . .      Spirit   .    G - +0 swamp dragon scales
rPois   +          Reflect  .    h - +1 helmet
rElec   .          Harm     .    j - +0 cloak
rCorr   .          Roll     +    r - +0 pair of gloves
Will    +....      Clarity  +    (no barding) Stlth
                                 (no amulet)
HPRegen 0.43/turn                o - +6 ring of strength
MPRegen 0.13/turn                (no ring)

@: berserking, very slow
A: large, rugged brown scales 3, deformed body, armoured tail, roll, long
tongue, awkward tongue, clarity, low MP 1, strong-willed 1, strong 1, inability
to drink after injury 1, noise suppression
a: Renounce Religion, Bend Time, Temporal Distortion, Slouch, Step From Time


You were in a bailey.
You worshipped Cheibriados.
Cheibriados was extremely pleased with you.
You visited 2 branches of the dungeon, and saw 9 of its levels.
You also visited: Sewer and Bailey.

You collected 463 gold pieces.

Inventory:

Hand Weapons
 e - a +0 dagger of protection
 g - a +3 broad axe
 n - the +3 mace of Conscience (weapon) {flame, *Corrode rPois Dex+8}
   (You found it on level 3 of the Dungeon)

   Dex:       It affects your dexterity (+8).
   rPois:     It protects you from poison.
   *Corrode:  It may corrode you when you take damage.
Missiles
 k - 30 poisoned darts (quivered)
Armour
 a - a +0 robe
 h - a +1 helmet (worn)
 j - a +0 cloak (worn)
 r - a +0 pair of gloves (worn)
 t - a +0 kite shield
 u - a +0 leather armour
 G - +0 swamp dragon scales (worn)
Magical Staves
 D - a staff of fire
Jewellery
 o - a +6 ring of strength (left hand)
Wands
 i - a wand of charming (3)
 p - a wand of flame (16)
 x - a wand of digging (3)
Scrolls
 c - 3 scrolls of identify {@r1}
 d - a scroll of acquirement
 l - a scroll of enchant weapon
 m - a scroll of amnesia
 w - a scroll of fog
 C - 2 scrolls of teleportation {@r4}
 F - a scroll of enchant armour
 H - a scroll of vulnerability
Potions
 b - 2 potions of magic
 f - 2 potions of cancellation
 q - 5 potions of flight
 s - a potion of haste {@q3}
 v - 4 potions of curing {@q1}
 z - 2 potions of lignification
 A - 3 potions of brilliance
 E - 2 potions of mutation
 I - a potion of might


   Skills:
 + Level 7.4 Fighting
 - Level 1.3 Dodging
 - Level 5.0 Stealth
 - Level 3.0 Spellcasting
 - Level 0.3 Conjurations
 - Level 5.2 Hexes
 - Level 9.0 Summonings
 + Level 5.7 Air Magic


You had 4 spell levels left.
You knew the following spells:

 Your Spells              Type           Power      Damage    Failure   Level
a - Summon Small Mammal   Summ           100%       N/A       1%          1
b - Call Canine Familiar  Summ           54%        N/A       1%          3
c - Summon Guardian Gole  Hex/Summ       45%        N/A       1%          3
d - Summon Lightning Spi  Summ/Air       47%        N/A       4%          4

Your spell library contained the following spells:

 Spells                   Type           Power      Damage    Failure   Level
 Call Imp                 Summ           54%        N/A       1%          2
 Magic Dart               Conj           24%        1d4       9%          1
 Apportation              Tloc           8%         N/A       11%         1
 Beastly Appendage        Tmut           8%         N/A       11%         1
 Necrotise                Necr           16%        1d4       11%         1
 Mephitic Cloud           Conj/Pois/Air  16%        N/A       14%         3
 Wereblood                Tmut           4%         N/A       16%         2
 Hailstorm                Conj/Ice       5%         3d4       28%         3
 Spider Form              Tmut/Pois      4%         N/A       30%         3
 Ice Form                 Ice/Tmut       4%         N/A       71%         4
 Simulacrum               Ice/Necr       2%         N/A       100%        6


Dungeon Overview and Level Annotations

Branches:
Dungeon (8/15)             Temple (1/1) D:4            Lair (0/5) D:8
  Sewer (visited)          Bailey (1/1)

Altars:
Cheibriados
Dithmenos
Elyvilon
Gozag
Kikubaaqudgha
Makhleb
Okawaru
Qazlal
Ru
Sif Muna
Uskayaw
Vehumet
Wu Jian
Yredelemnul
Zin
The Shining One

Shops:
D:4 *   D:5 [

Annotations:
D:8 Maurice


Innate Abilities, Weirdness & Mutations

You are completely covered in rugged brown scales. (AC +3, +7% HP)
Armour fits poorly on your strangely shaped body.
You have a long armoured tail.
You roll when moving toward enemies. (Rampage)
Your long tongue fully drains potion bottles. (2x potion effects)
Your tongue gives you trouble enunciating. (1.5x scroll delay)
You possess an exceptional clarity of mind.
Your magical capacity is low. (-10% MP)
You are strong-willed. (Will+)
Your muscles are strong. (Str +4, Int/Dex -1)
You occasionally lose the ability to drink potions when taking damage.
You passively dampen the noise of your surroundings.


Message History

The orc high priest hits you with a +0 war axe.
The orange demon stings you from afar.
* * * LOW HITPOINT WARNING * * *
The hellwing completely misses you.
The hellwing hits you but does no damage.
The orc high priest mumbles some strange prayers to Beogh against you.
Beogh smites you!
* * * LOW HITPOINT WARNING * * *
You slurp down every last drop of the potion of curing {@q1}!
You feel better.
The hellwing hits you but does no damage. x2
The orange demon stings you from afar.
* * * LOW HITPOINT WARNING * * *
The orc high priest hits you with a +0 war axe!
* * * LOW HITPOINT WARNING * * *
You slurp down every last drop of the potion of berserk rage!
A red film seems to cover your vision as you go berserk!
Cheibriados forces you to slow down.
You feel mighty! The hellwing barely misses you.
The hellwing hits you but does no damage.
The orange demon stings you but does no damage.
The orc high priest hits you but does no damage.
You closely miss the orc high priest. You tail-slap the orc high priest.
The orc high priest is severely wounded.
The hellwing hits you but does no damage.
The hellwing hits you.
* * * LOW HITPOINT WARNING * * *
The orange demon stings you from afar.
* * * LOW HITPOINT WARNING * * *
The orc high priest barely misses you.
The orange demon stings you but does no damage.
The hellwing barely misses you. The hellwing hits you.
* * * LOW HITPOINT WARNING * * *
You sock the orc high priest! You burn the orc high priest.
The orc high priest is almost dead.
The orc high priest utters an invocation to Beogh.
The orange demon stings you from afar.
* * * LOW HITPOINT WARNING * * *
The hellwing hits you!
You die...

###############..#'#≈≈≈≈≈#
#.......#)...)')...#≈≈≈≈≈#
#.8)8.8.))....#....#≈≈≈≈≈#
#.).##############.#≈≈≈≈≈#
....# #.'..#)~≈≈≈≈≈# ....#
#..#.~≈≈≈≈≈# #####
#..#.~≈≈≈≈≈# ...#
#########.~≈≈≈≈≈# )..#
g#..8)8o@#.~≈≈≈≈≈# )..#
.'.)..4.4.∩~≈≈≈≈≈# ...#
.#..848..#.~≈≈≈≈≈# ...#
#########.~≈≈≈≈≈# #####
#..#.~≈≈≈≈≈# ....#
#[[#.~≈≈≈≈≈# ....#
+[[#.~≈≈≈≈≈#
#.).##############.#≈≈≈≈≈#
#.8)8.8.'.)...#....#≈≈≈≈≈#


You could see an orc high priest, an orange demon (summoned), a hellwing
(summoned) and an ice devil (summoned).

Vanquished Creatures
  An orc high priest (Bailey)
  Psyche (D:8)
  A wyvern (D:8)
  A yak (D:8)
  Edmund (D:6)
  A water moccasin (D:6)
  A sky beast (D:6)
  4 orc warriors
  2 centaurs
  A kobold brigand (D:6)
  A nameless horror (D:5)
  A necrophage (D:5)
  6 scorpions
  2 bullfrogs (D:6)
  2 electric eels (Bailey)
  3 orc priests
  2 iguanas (D:7)
  3 orc wizards (D:6)
  6 adders
  6 gnolls
  A river rat (Sewer)
  A white imp (D:5)
  2 ufetubi
  A worm (D:4)
  3 dart slugs
  11 orcs
  5 endoplasms
  3 giant cockroaches (Sewer)
  8 goblins
  8 hobgoblins
  11 jackals
  10 kobolds
  3 quokkas
  11 ball pythons
  10 bats
  3 frilled lizards
  3 rats
140 creatures vanquished.

Vanquished Creatures (collateral kills)
  A water moccasin (D:6)
  2 orc warriors (Bailey)
  An ice beast (D:7)
  An ogre (D:5)
  A phantom (D:4)
  3 lemures (D:7)
  A necrophage (D:6)
  A scorpion (D:5)
  The ghost of benadryl the Covert, a weakling SpBr (D:3)
  A hound (D:5)
  2 orc priests
  2 iguanas
  Terence (D:2)
  4 orc wizards
  3 gnolls
  4 adders
  An ufetubus (D:6)
  A worm (D:4)
  11 orcs
  A ball python (D:4)
  2 bats
  3 endoplasms
  2 giant cockroaches (D:6)
  5 goblins
  7 hobgoblins
  4 quokkas
  A kobold (D:1)
67 creatures vanquished.

Vanquished Creatures (others)
  Pikel (D:7)
  An orc knight (Bailey)
  Maggie (D:7)
  Eustachio (D:6)
  The ghost of DiggyJ the Trooper, an amateur OgBe of Trog (D:3)
  An ice beast (D:7)
  6 orc warriors
  The ghost of oldplebian the Cudgeller, a weakling MiBe of Trog (D:3)
  An orc priest (D:7)
  A jelly (D:7)
  A gnoll (D:5)
  3 river rats (Sewer)
  An orc (D:7)
  A hobgoblin (Bailey)
  4 withered plants (D:3)
25 creatures vanquished.

Grand Total: 232 creatures vanquished

Notes
Turn   | Place    | Note
-------+----------+-------------------------------------------
     0 | D:1      | freelancePsychic the Armataur Summoner began the quest for
                  | the Orb.
     0 | D:1      | Reached XP level 1. HP: 14/14 MP: 3/3
   236 | D:2      | Noticed Terence
   286 | D:1      | Reached XP level 2. HP: 13/21 MP: 1/4
   390 | D:1      | Found a faded altar of an unknown god.
  1144 | D:2      | Reached XP level 3. HP: 27/27 MP: 6/6
  1148 | D:2      | Learned a level 3 spell: Call Canine Familiar
  1466 | D:3      | Found a runed translucent gate.
  1466 | D:3      | Found a runed translucent gate.
  1466 | D:3      | Found a runed translucent gate.
  1468 | D:3      | Noticed oldplebian's ghost (weakling MiBe)
  1468 | D:3      | Noticed benadryl's ghost (weakling SpBr)
  1469 | D:3      | Noticed DiggyJ's ghost (amateur OgBe)
  2045 | D:4      | Found a staircase to the Ecumenical Temple.
  2076 | D:4      | Reached XP level 4. HP: 35/35 MP: 4/7
  2387 | Temple   | Entered the Ecumenical Temple
  2487 | Temple   | Became a worshipper of Cheibriados the Contemplative
  2540 | D:4      | Found Zin's Purification Station.
  2540 | D:4      | Found a glowing silver altar of Zin.
  2741 | D:4      | Noticed a scorpion
  2754 | D:4      | Killed a scorpion
  2755 | D:4      | Reached skill level 1 in Hexes
  2755 | D:4      | Reached skill level 4 in Summonings
  2755 | D:4      | Reached XP level 5. HP: 32/40 MP: 3/8
  2988 | D:5      | Entered Level 5 of the Dungeon
  3182 | D:4      | Learned a level 3 spell: Summon Guardian Golem
  3212 | D:5      | Reached XP level 6. HP: 47/48 MP: 5/10
  3603 | D:4      | Reached * piety under Cheibriados
  3855 | D:4      | Reached skill level 5 in Summonings
  4289 | D:5      | Reached skill level 5 in Stealth
  4289 | D:5      | Reached XP level 7. HP: 53/53 MP: 4/11
  4410 | D:5      | Noticed a nameless horror
  4422 | D:5      | Gained mutation: Your magical capacity is low. (-10% MP)
                  | [potion of mutation]
  4422 | D:5      | Gained mutation: You are strong-willed. (Will+) [potion of
                  | mutation]
  4422 | D:5      | Gained mutation: Your muscles are strong. (Str +4, Int/Dex
                  | -1) [potion of mutation]
  4422 | D:5      | Gained mutation: You occasionally lose the ability to drink
                  | potions when taking damage. [potion of mutation]
  4422 | D:5      | Gained mutation: You possess an exceptional clarity of
                  | mind. [potion of mutation]
  4422 | D:5      | Gained mutation: You passively dampen the noise of your
                  | surroundings. [potion of mutation]
  4438 | D:5      | Killed a nameless horror
  4632 | D:5      | Found Focw's Antique Armour Shoppe.
  4958 | D:5      | Reached skill level 1 in Fighting
  5258 | D:2      | Killed Terence
  5438 | D:3      | Killed DiggyJ's ghost
  5465 | D:3      | Killed oldplebian's ghost
  5617 | D:3      | Identified the +3 mace of Conscience {flame, *Corrode rPois
                  | Dex+8}
  5655 | D:3      | Killed benadryl's ghost
  5656 | D:3      | Reached skill level 6 in Summonings
  5773 | D:6      | Noticed Eustachio
  5790 | D:6      | Reached XP level 8. HP: 56/65 MP: 5/11
  5922 | D:6      | Found a glowing drain.
  5932 | D:6      | Reached ** piety under Cheibriados
  5950 | Sewer    | Entered a sewer
  6327 | Sewer    | Reached *** piety under Cheibriados
  6860 | D:6      | Noticed Edmund
  6998 | D:6      | Killed Edmund
  7277 | D:6      | Killed Eustachio
  7364 | D:6      | Reached skill level 5 in Hexes
  7364 | D:6      | Reached skill level 7 in Summonings
  7551 | D:6      | Reached XP level 9. HP: 74/77 MP: 12/12
  8285 | D:7      | Reached **** piety under Cheibriados
  8409 | D:7      | Reached skill level 1 in Air Magic
  8627 | D:7      | Noticed Maggie
  8765 | D:7      | Reached skill level 5 in Fighting
  8773 | D:7      | Killed Maggie
  9369 | D:7      | Found a basalt altar of Yredelemnul.
  9480 | D:7      | Noticed Pikel
  9512 | D:7      | Killed Pikel
  9513 | D:7      | Reached skill level 8 in Summonings
  9518 | D:7      | Learned a level 4 spell: Summon Lightning Spire
  9759 | D:8      | Noticed Psyche
  9768 | D:8      | Reached XP level 10. HP: 88/88 MP: 7/13
  9781 | D:8      | Killed Psyche
  9990 | D:8      | Noticed Maurice
 10134 | D:8      | Found a flagged portal.
 10139 | D:8      | Reached ***** piety under Cheibriados
 10150 | Bailey   | Entered a bailey
 10385 | Bailey   | Noticed an orc high priest
 10388 | Bailey   | Noticed a sun demon
 10722 | Bailey   | Noticed an orc knight
 10735 | Bailey   | Killed an orc knight
 10736 | Bailey   | Reached skill level 5 in Air Magic
 10862 | Bailey   | Identified the +6 quarterstaff of Wudah {drain, rElec rPois
                  | rC+ Int-5}
 10876 | Bailey   | Killed an orc high priest
 11197 | Bailey   | Noticed an orc high priest
 11210 | Bailey   | Reached skill level 9 in Summonings
 11211 | Bailey   | Noticed an orange demon
 11220 | Bailey   | Slain by a hellwing

Illustrated notes

Levels and vault maps discovered:
D:1:      roderic_chinese_lattice_arrival, layout_basic,
          nicolae_ecumenical_snake_handling
D:2:      layout_rooms, grunt_decor_junction, uniq_terence
D:3:      kennysheep_six_static_rooms, layout_basic, gammafunk_ghost_cemetery,
          item_on_display_b
D:4:      layout_gridville, zin_purify, minmay_temple_entry_large_hall
D:5:      nicolae_BIG_FREAKIN_CUBE, layout_cave_pods, serial_shops,
          nicolae_lakefront_shop, nicolae_underground_beach
D:6:      layout_basic, portal_sewer_entry_f, uniq_eustachio, uniq_edmund
D:7:      layout_loops_ring, mainiacjoe_overflow_brackets, minivault_10,
          nrook_mini_vaults, uniq_pikel, uniq_maggie
D:8:      layout_basic, worldfamousw_hep_ancestral_shrine, lair_entry_dummy,
          enter_bailey_7, serial_bayou_lagoon_a, uniq_maurice, uniq_psyche,
          uniq_grum
Temple:   jpeg_temple_clearing
Bailey:   bailey_axe_of_yendor_kennysheep, bailey

Skill      XL: |  1  2  3  4  5  6  7  8  9 10 |
---------------+-------------------------------+-----
Spellcasting   | 2 3 |  3.0
Stealth        | 3 4 5 |  5.0
Hexes          | 1 2 3 5 |  5.2
Summonings     | 4 5 6 7 8 9 |  9.0
Fighting       | 2 4 6 7 |  7.4
Air Magic      | 4 5 |  5.7
Dodging        | |  1.3
Conjurations   | |  0.3

Action                     |  1- 3 |  4- 6 |  7- 9 | 10-12 || total
---------------------------+-------+-------+-------+-------++-------
  Melee: Unarmed           |    16 |       |     6 |       ||    22
         Tailslap          |     9 |    14 |    31 |    10 ||    64
         Dagger            |    83 |   111 |    99 |       ||   293
         Punch             |       |     1 |     4 |     3 ||     8
         Mace              |       |       |   125 |    69 ||   194
  Throw: Dart              |       |     5 |       |       ||     5
   Cast: Summon Small Mamm |    39 |    13 |    18 |       ||    70
         Call Canine Famil |     1 |    14 |    27 |    11 ||    53
         Summon Guardian G |       |       |    28 |     8 ||    36
         Summon Lightning  |       |       |       |     6 ||     6
  Evoke: Wand              |       |       |       |     5 ||     5
    Use: Scroll            |       |     6 |    15 |     3 ||    24
         Potion            |       |     2 |     6 |     2 ||    10
   Stab: Sleeping          |     9 |     4 |    14 |     2 ||    29
         Invisible         |       |     2 |       |       ||     2
         Distracted        |       |       |     1 |     1 ||     2
 Armour: Robe              |    46 |       |       |       ||    46
         Leather armour    |       |    61 |   139 |       ||   200
         Skin              |       |     5 |    14 |    15 ||    34
         Swamp dragon scal |       |       |    13 |    28 ||    41
  Dodge: Dodged            |    44 |    48 |   153 |    45 ||   290

Table legend: (Time is in decaauts)
 A = Elapsed time spent in this place.
 B = Non-inter-level travel time spent in this place.
 C = Inter-level travel time spent in this place.
 D = Time resting spent in this place.
 E = Time spent auto-exploring this place.
 F = Levels seen in this place.
 G = Mean time per level.
                   A        B        C        D        E       F      G
               +--------+--------+--------+--------+--------+-----+--------+
         Total |  13603 |  12792 |    811 |   1107 |   8944 |  11 | 1236.6 |
       Dungeon |  11170 |  10387 |    783 |    970 |   7286 |   8 | 1396.2 |
        Temple |    123 |     96 |     27 |      0 |     82 |   1 |  123.0 |
         Sewer |   1030 |   1030 |      0 |      0 |    722 |   1 | 1030.0 |
        Bailey |   1279 |   1279 |      0 |    137 |    854 |   1 | 1279.0 |
               +--------+--------+--------+--------+--------+-----+--------+

Top non-repeatable levels by time:
     D:6: 2302 daAuts
     D:7: 2284 daAuts
     D:5: 1914 daAuts
     D:4: 1805 daAuts
  Bailey: 1279 daAuts
     D:3: 1108 daAuts
   Sewer: 1030 daAuts
     D:2: 801 daAuts
     D:1: 665 daAuts
     D:8: 288 daAuts
  Temple: 123 daAuts
